 Dungeon Sprint DCSS version 0.27-a0-1116-g91b3acb402 (webtiles) character file.

Game seed: 3702907149440328760

4512 mhtbhm the Scorcher (level 10, 0/50 HPs)
             Began as a Deep Elf Fire Elementalist on May 2, 2021.
             Was the Champion of Vehumet.
             Slain by an emperor scorpion (3 damage)
             ... summoned by a royal mummy
             ... in the Dungeon (Sprint V: "Ziggurat Sprint").
             The game lasted 00:04:56 (697 turns).

mhtbhm the Scorcher (Deep Elf Fire Elementalist)     Turns: 697, Time: 00:04:57

Health: 0/50       AC:  7    Str:  5    XL:     10   Next: 16%
Magic:  7/31       EV: 16    Int: 36    God:    Vehumet [******]
Gold:   0          SH:  0    Dex: 15    Spells: 23/39 levels left

rFire    + . .     SeeInvis .   C - +8 lance "Wyrmbane" {slay drac, rPois rF+ rC+ AC+3}
rCold    + . .     Faith    .   (no shield)
rNeg     . . .     Spirit   .   a - +2 robe {Will+}
rPois    +         Reflect  .   (no helmet)
rElec    .         Harm     .   (no cloak)
rCorr    .         Rampage  .   (no gloves)
Will     ++...     NoTele   +   (no boots)
Stlth    ++++......             t - amulet of the acrobat
HPRegen  0.16/turn              u - +6 ring of intelligence
MPRegen  0.22/turn              v - +6 ring of intelligence

@: lethally poisoned (0 -> -30)
A: no striking features
a: Renounce Religion


You were in the Dungeon.
You worshipped Vehumet.
Vehumet was exalted by your worship.
You visited 1 branch

Inventory:

Hand Weapons
 C - the +8 lance "Wyrmbane" (weapon) {slay drac, rPois rF+ rC+ AC+3}
   (You found it in the Dungeon)

   It affects your AC (+3).
   It protects you from fire.
   It protects you from cold.
   It protects you from poison.
Armour
 a - a +2 robe of willpower (worn)
Jewellery
 t - an amulet of the acrobat (around neck)
 u - a +6 ring of intelligence (left hand)
 v - a +6 ring of intelligence (right hand)
Wands
 y - a wand of mindburst (6)
 z - a wand of iceblast (2)
Scrolls
 h - 3 scrolls of blinking
 m - 4 scrolls of amnesia
 n - 7 scrolls of fog
 o - a scroll of holy word
 p - 5 scrolls of identify
 r - a scroll of brand weapon
Potions
 b - 2 potions of brilliance
 c - 10 potions of curing
 d - 9 potions of heal wounds
 e - 6 potions of haste
 f - 6 potions of magic
 g - 3 potions of berserk rage
 i - 2 potions of invisibility
 j - 4 potions of resistance
 k - a potion of experience
 l - 5 potions of might
Miscellaneous
 q - a box of beasts
 s - a piece from Xom's chessboard (15/15)
 B - a lightning rod (4/4)


   Skills:
 + Level 8.4 Dodging
 + Level 9.1 Stealth
 + Level 15.2 Spellcasting
 + Level 7.4 Conjurations
 + Level 16.4 Fire Magic
 + Level 8.8 Evocations


You had 23 spell levels left.
You knew the following spells:

 Your Spells              Type           Power      Damage    Failure   Level
a - Foxfire               Conj/Fire      100%       2x1d9     0%          1
b - Conjure Flame         Conj/Fire      85%        6-21      1%          3
c - Inner Flame           Hex/Fire       72%        N/A       1%          3
d - Sticky Flame          Conj/Fire      85%        2d10      1%          4
e - Fireball              Conj/Fire      42%        3d17      1%          5

Your spell library contained the following spells:

 Spells                   Type           Power      Damage    Failure   Level
 Poisonous Vapours        Pois/Air       54%        N/A       1%          2
 Apportation              Tloc           54%        N/A       1%          1
 Iskenderun's Mystic Bla  Conj/Tloc      52%        2d11      1%          4
 Teleport Other           Tloc           27%        N/A       4%          3
 Passage of Golubria      Tloc           N/A        N/A       14%         4
 Malign Gateway           Summ/Tloc      13%        N/A       100%        7
 Borgnjor's Revivificati  Necr           13%        N/A       100%        8
 Infestation              Necr           13%        N/A       100%        8
 Necromutation            Tmut/Necr      13%        N/A       100%        8
 Death's Door             Necr           13%        N/A       100%        9


Dungeon Overview and Level Annotations

Branches:
Dungeon (1/1)

Altars:
Ashenzari
Cheibriados
Dithmenos
Elyvilon
Fedhas
Gozag
Hepliaklqana
Kikubaaqudgha
Makhleb
Nemelex Xobeh
Okawaru
Qazlal
Ru
Sif Muna
Trog
Uskayaw
Vehumet
Wu Jian
Xom
Yredelemnul
Zin
The Shining One
Beogh
Jiyva
Lugonu

Annotations:
D 1 transporter


Message History

Press: ? - help, Shift-Dir - straight line, f/p - royal mummy
Aim: a royal mummy (severely damaged)
The fireball explodes!
The fireball engulfs the royal mummy!
The royal mummy is severely damaged.
The fireball engulfs the emperor scorpion!
The emperor scorpion is lightly wounded.
The fireball engulfs the emperor scorpion but does no damage.
The emperor scorpion is lightly wounded.
The emperor scorpion stings you.
* * * LOW HITPOINT WARNING * * *
The emperor scorpion claws you but does no damage.
The emperor scorpion misses you.
Unknown command.
Unknown command.
Unknown command.
Unknown command.
Casting: Fireball (safe; 1% risk of failure)
Confirm with . or Enter, or press ? or * to list all spells.
Aiming: Fireball (safe; 1% risk of failure)
Press: ? - help, Shift-Dir - straight line, p - royal mummy
Okay, then.
Unknown command.
Aiming: Corrosive Bolt
Press: ? - help, Shift-Dir - straight line, f/p - royal mummy
Aim: a royal mummy (severely damaged, 88% to hit)
The bolt of acid hits the royal mummy!
The royal mummy is splashed with acid.
The acid corrodes the royal mummy!
The royal mummy is almost destroyed.
The bolt of acid hits the emperor scorpion.
The emperor scorpion is splashed with acid.
The acid corrodes the emperor scorpion!
The emperor scorpion is lightly wounded.
The now-empty wand crumbles to dust.
The royal mummy misses you. The emperor scorpion stings you!
* * * LOW HITPOINT WARNING * * *
You are lethally poisoned!
The emperor scorpion poisons you!
The emperor scorpion claws you but does no damage.
The emperor scorpion claws you.
You die...

▓..)[}...▓..))....
▓...|....▓..).|...
▓........▓........
▓........▓........
▓.▓....▓.▓.▓....▓.
▓...©....▓...©....
▓▓▓▓▓▓▓▓▓▓▓▓▓▓▓▓▓▓
▓...8©8.. ▓..8©8..
▓@ss:)|...▓..||[..
▓.M.==....▓..[))..
▓s..s.|...▓.......
▓...s.....▓.......
▓...°.....▓.......
▓.........▓...†...
▓.▓.....▓.▓.▓...▓.
▓....©....▓...©...
▓▓▓▓▓▓▓▓▓▓▓▓▓▓▓▓▓▓


You could see a royal mummy (corroded) and 5 emperor scorpions.

Vanquished Creatures
  3 draconians (D)
  A black mamba (D)
  A naga mage (D)
  2 guardian mummies (D)
  2 merfolk (D)
  2 spriggans (D)
  A flying skull (D)
  An ushabti (D)
  3 fire elementals (D)
  A hell hound (D)
  A water moccasin (D)
  2 black bears (D)
  3 necrophages (D)
  A wolf (D)
  A bullfrog (D)
  A wight (D)
  2 mummies (D)
  2 adders (D)
  2 jackals (D)
  A ball python (D)
  A ball python skeleton (D)
  A ball python zombie (D)
  A fire vortex (D)
36 creatures vanquished.

Notes
Turn   | Place    | Note
-------+----------+-------------------------------------------
     0 | D        | mhtbhm the Deep Elf Fire Elementalist began the quest for
                  | the Orb.
     0 | D        | Reached XP level 1. HP: 10/10 MP: 6/6
     0 | D        | Found a blossoming altar of Fedhas.
     1 | D        | Found the +6 Majin-Bo {vamp, MP+6 Int+6}
     1 | D        | Found the +9 heavy crossbow "Sniper" {vorpal, Acc+∞ SInv}
     1 | D        | Found the +10 dark maul {vorpal}
     1 | D        | Found the +15 Maxwell's patent armour {-Cast -Tele rElec
                  | Will+ rCorr}
     1 | D        | Found the +18 shield of the Gong {rElec rN+ Will+ EV-5}
     1 | D        | Found the +14 obsidian axe {vorpal, Drain Fly SInv}
     1 | D        | Found the +7 great mace "Firestarter" {inner flame, rF++}
     1 | D        | Found the +6 shillelagh "Devastator" {shatter}
     1 | D        | Found the +11 plutonium sword {Contam Stlth-}
     1 | D        | Found the +8 lance "Wyrmbane" {slay drac, rPois rF+ rC+
                  | AC+3}
     1 | D        | Found the +9 sword of Zonguldrok {reap}
     1 | D        | Found the +13 scythe of Curses {drain, Drain}
     1 | D        | Found the +5 sword of Power {vorpal}
     1 | D        | Found the +7 mace of Variability {chain chaos}
     1 | D        | Found the +7 Singing Sword {vorpal, sonic wave}
     1 | D        | Found the +8 storm bow {elec, penet}
     1 | D        | Found a shimmering blue altar of Sif Muna.
     1 | D        | Found a sacrificial altar of Ru.
     1 | D        | Found a bloodstained altar of Trog.
     1 | D        | Found a stormy altar of Qazlal.
     1 | D        | Found an iron altar of Okawaru.
     1 | D        | Found a sparkling altar of Nemelex Xobeh.
     4 | D        | Found an ancient bone altar of Kikubaaqudgha.
     4 | D        | Found a transporter.
     4 | D        | Found a corrupted altar of Lugonu.
     4 | D        | Found a viscous altar of Jiyva.
     4 | D        | Found a burning altar of Makhleb.
     4 | D        | Found a hazy altar of Hepliaklqana.
     4 | D        | Found an opulent altar of Gozag.
    43 | D        | Became a worshipper of Vehumet
    63 | D        | Entered arena 2.
    63 | D        | Noticed a merfolk
    63 | D        | Noticed a merfolk
    63 | D        | Found a transporter.
    71 | D        | Killed a merfolk
    72 | D        | Reached skill level 5 in Dodging
    72 | D        | Reached skill level 5 in Stealth
    72 | D        | Reached skill level 9 in Fire Magic
    72 | D        | Reached XP level 2. HP: 6/15 MP: 7/12
    72 | D        | Reached XP level 3. HP: 7/19 MP: 7/13
    72 | D        | Reached XP level 4. HP: 9/24 MP: 8/15
    72 | D        | Reached XP level 5. HP: 11/28 MP: 8/16
    77 | D        | Killed a merfolk
    78 | D        | Reached skill level 11 in Fire Magic
    78 | D        | Reached XP level 6. HP: 32/32 MP: 8/19
    82 | D        | Learned a level 3 spell: Conjure Flame
    86 | D        | Learned a level 3 spell: Inner Flame
    91 | D        | Learned a level 4 spell: Sticky Flame
    97 | D        | Learned a level 5 spell: Fireball
   147 | D        | Entered arena 3.
   147 | D        | Noticed a draconian
   147 | D        | Noticed a draconian
   147 | D        | Noticed a draconian
   147 | D        | Found a transporter.
   159 | D        | Killed a draconian
   159 | D        | Reached * piety under Vehumet
   159 | D        | Offered knowledge of Freeze by Vehumet.
   160 | D        | Reached skill level 10 in Spellcasting
   160 | D        | Reached skill level 12 in Fire Magic
   160 | D        | Reached XP level 7. HP: 36/36 MP: 9/22
   162 | D        | Killed a draconian
   163 | D        | Reached skill level 13 in Fire Magic
   163 | D        | Reached skill level 5 in Evocations
   163 | D        | Reached XP level 8. HP: 41/41 MP: 5/25
   163 | D        | Killed a draconian
   164 | D        | Reached skill level 14 in Fire Magic
   171 | D        | Got the Volume of the Voyage
   373 | D        | Entered arena 4.
   373 | D        | Found a transporter.
   374 | D        | Found the +0 staff of Battle
   375 | D        | Reached ** piety under Vehumet
   375 | D        | Offered knowledge of Shock by Vehumet.
   377 | D        | Reached XP level 9. HP: 45/45 MP: 16/27
   385 | D        | Got the ring of Ru's Supremacy {rN+ rCorr Dex+6}
   429 | D        | Entered arena 5.
   429 | D        | Found a transporter.
   430 | D        | Reached *** piety under Vehumet
   458 | D        | Entered arena 6.
   458 | D        | Found a transporter.
   459 | D        | Found the +8 longbow "Zephyr" {speed, Dex+3 SInv}
   459 | D        | Reached **** piety under Vehumet
   460 | D        | Reached skill level 5 in Conjurations
   460 | D        | Reached skill level 15 in Fire Magic
   496 | D        | Entered arena 7.
   496 | D        | Noticed a black mamba
   496 | D        | Noticed a naga mage
   497 | D        | Reached ***** piety under Vehumet
   499 | D        | Killed a naga mage
   500 | D        | Killed a black mamba
   501 | D        | Found a transporter.
   561 | D        | Entered arena 8.
   562 | D        | Found the +10 morningstar "Eos" {elec, Halo rElec}
   562 | D        | Offered knowledge of Poisonous Vapours by Vehumet.
   563 | D        | Reached skill level 16 in Fire Magic
   564 | D        | Reached ****** piety under Vehumet
   662 | D        | Found a transporter.
   689 | D        | Entered arena 9.
   689 | D        | Noticed a guardian mummy
   689 | D        | Noticed a royal mummy
   689 | D        | Noticed a guardian mummy
   691 | D        | Noticed an emperor scorpion
   691 | D        | Noticed an emperor scorpion
   692 | D        | Reached XP level 10. HP: 50/50 MP: 21/30
   693 | D        | Noticed an emperor scorpion
   693 | D        | Noticed an emperor scorpion
   693 | D        | Found a transporter.
   696 | D        | Reached skill level 15 in Spellcasting
   696 | D        | Noticed an emperor scorpion
   697 | D        | Slain by an emperor scorpion

Illustrated notes

Levels and vault maps discovered:
D:        sprint_v [room_start, room_1, room_2, room_3, room_4, room_5, room_6,
          room_7, room_8, room_9, room_10, room_11, room_12, room_13, room_14,
          room_15, room_16, room_17, room_18, room_19, room_20, room_21,
          room_22, room_23, room_24, room_25, room_26, room_27]

Skill      XL: |  1  2  3  4  5  6  7  8  9 10 |
---------------+-------------------------------+-----
Dodging        | 5 6 7 8 |  8.4
Stealth        | 5 6 7 8 9 |  9.1
Spellcasting   | 7 8 10 11 12 14 15 | 15.2
Fire Magic     | 9 11 12 13 14 16 | 16.4
Evocations     | 2 3 4 5 6 8 |  8.8
Conjurations   | 2 3 4 6 7 |  7.4

Action                   |  1- 3 |  4- 6 |  7- 9 | 10-12 || total
-------------------------+-------+-------+-------+-------++-------
 Cast: Fireball          |       |     6 |    18 |     4 ||    28
Evoke: Wand              |     5 |     3 |     4 |     1 ||    13
       Lightning rod     |       |     2 |     6 |       ||     8
  Use: Scroll            |     1 |     1 |       |     1 ||     3
       Potion            |       |     2 |       |       ||     2
Armor: Robe              |       |       |     1 |     2 ||     3
Dodge: Dodged            |     1 |     1 |     1 |     2 ||     5

Table legend: (Time is in decaauts)
 A = Elapsed time spent in this place.
 B = Non-inter-level travel time spent in this place.
 C = Inter-level travel time spent in this place.
 D = Time resting spent in this place.
 E = Time spent auto-exploring this place.
 F = Levels seen in this place.
 G = Mean time per level.
                   A        B        C        D        E       F      G
               +--------+--------+--------+--------+--------+-----+--------+
         Total |    695 |    695 |      0 |    437 |      0 |   1 |  695.0 |
       Dungeon |    695 |    695 |      0 |    437 |      0 |   1 |  695.0 |
               +--------+--------+--------+--------+--------+-----+--------+

Top non-repeatable levels by time:
       D: 695 daAuts
